AoeStats
← christar123 ten

Arena

509381311Analyzed
4v4 RM · 6d ago on Sep 26, 2026· 45m 44s· 8 players
Game mode
Random Map
Map size
Large (8 player)
Population
200
Speed
Normal
Resources
Standard
Victory
Conquest
Starting age
Dark Age
Ending age
Imperial Age
RankedLock teamsTeams togetherTeam positionsShared explorationLock speedFull tech treeHidden civsTurbo modeCheats
Victory
Defeat
🇹🇼 Byzantines · Taiwan
1597
+10
1559
+11
🇹🇼 Celts · Taiwan
1536
+12
🇩🇪 Danes · Germany
1513
+13
🇭🇰 Mapuche · Hong Kong SAR China
1470
-12
🇨🇳 Spanish · China
1460
-12
🇬🇧 Danes · United Kingdom
1456
-12
1400
-10
Ren
10:58 Feudal Age
11:29 Loom
12:25 Wheelbarrow
14:53 Castle Age
13:13 Double-Bit Axe
13:42 Horse Collar
16:10 Bow Saw
19:23 Padded Archer Armor
20:43 Fletching
24:18 Leather Archer Armor
25:33 Loom
25:47 Bodkin Arrow
26:45 Husbandry
27:45 Heavy Plow
34:10 Imperial Age
33:41 Hand Cart
34:13 Town Watch
34:55 Forging
35:54 Chemistry
35:35 Ring Archer Armor
35:38 Conscription
35:41 Bloodlines
35:53 Scale Barding Armor
35:59 Forging
36:56 Ring Archer Armor
36:53 Ballistics
37:26 Chain Barding Armor
36:28 Light Cavalry
38:28 Bracer
39:19 Iron Casting
39:38 Supremacy
40:20 Plate Barding Armor
43:16 Fortified Wall
42:34 Hussar
christar123 ten
10:03 Feudal Age
13:40 Castle Age
11:58 Double-Bit Axe
12:26 Horse Collar
15:07 Bow Saw
15:04 Loom
20:10 Heavy Plow
22:54 Wheelbarrow
24:00 Devotion
24:49 Fletching
28:42 Scale Mail Armor
onon02122
10:03 Feudal Age
9:53 Loom
13:59 Castle Age
12:48 Double-Bit Axe
16:27 Champi Runner
20:14 Horse Collar
20:58 Town Watch
22:22 Bow Saw
22:12 Heavy Plow
23:44 Wheelbarrow
24:19 Champi Warrior
25:04 Scale Mail Armor
25:14 Forging
26:09 Chain Mail Armor
27:40 Devotion
28:25 Iron Casting
29:00 Fletching
29:15 Gold Mining
29:59 Pikeman
30:59 Hand Cart
30:44 Bodkin Arrow
34:48 Imperial Age
32:19 Treadmill Crane
33:01 Ballistics
32:44 Padded Archer Armor
34:05 Gold Shaft Mining
34:06 Malon
35:08 Leather Archer Armor
35:54 Conscription
35:39 Butalmapu
35:14 Halberdier
36:28 Town Patrol
37:03 Crop Rotation
36:26 Stone Mining
37:08 Plate Mail Armor
37:38 Blast Furnace
36:54 Arson
41:49 Elite Bolas Rider
43:23 Faith
あおぞら ひかり
11:07 Feudal Age
15:26 Castle Age
13:28 Double-Bit Axe
14:23 Horse Collar
16:53 Bow Saw
16:36 Fletching
21:05 Bodkin Arrow
21:11 Padded Archer Armor
21:02 Gold Mining
21:12 Loom
23:19 Wheelbarrow
22:40 Town Watch
26:45 Ballistics
29:11 Bloodlines
29:02 Husbandry
36:01 Imperial Age
36:09 Elite Mangudai
36:24 Capped Ram
37:36 Bracer
38:53 Chemistry
38:49 Leather Archer Armor
39:47 Conscription
39:57 Parthian Tactics
39:38 Thumb Ring
Chili
10:32 Feudal Age
14:38 Castle Age
13:06 Double-Bit Axe
13:33 Horse Collar
14:22 Gold Mining
18:29 Scale Mail Armor
20:25 Squires
25:41 Arson
27:12 Wheelbarrow
26:25 Loom
27:45 Chain Mail Armor
32:59 Imperial Age
31:04 Bow Saw
31:22 Heavy Plow
32:37 Ballistics
32:08 Fletching
32:51 Hand Cart
32:44 Bodkin Arrow
32:22 Elite Skirmisher
33:06 Town Watch
34:06 Bracer
34:39 Padded Archer Armor
35:41 Chemistry
35:46 Conscription
36:12 Leather Archer Armor
36:40 Plate Mail Armor
37:52 Ring Archer Armor
38:14 Forging
38:20 Gambesons
39:15 Elite Jomsviking
39:31 Hamask
41:05 Iron Casting
42:33 Masonry
43:44 Blast Furnace
43:21 Hoardings
42:54 Stone Mining
42:37 Pikeman
45:08 Siege Engineers
46:11 Thumb Ring
BøM_antihack.exe
12:53 Feudal Age
11:23 Loom
13:09 Feudal Age
14:06 Double-Bit Axe
17:03 Castle Age
15:08 Gold Mining
22:10 Imperial Age
20:29 Gold Shaft Mining
20:51 Bow Saw
21:13 Sanctity
21:31 Atonement
22:14 Fervor
23:08 Block Printing
23:19 Illumination
24:14 Redemption
24:49 Fervor
27:45 Theocracy
34:22 Wheelbarrow
37:18 Conscription
39:15 Hand Cart
38:50 Horse Collar
41:02 Scale Barding Armor
41:07 Forging
43:25 Chain Barding Armor
43:44 Fortified Wall
45:14 Logistica
44:24 Elite Cataphract
45:10 Husbandry
再吵去東湖框你媽出場
9:07 Feudal Age
9:43 Double-Bit Axe
9:40 Horse Collar
18:10 Gold Mining
20:35 Castle Age
19:17 Wheelbarrow
19:05 Loom
19:52 Scale Barding Armor
19:58 Forging
20:41 Light Cavalry
21:31 Bloodlines
21:44 Chain Barding Armor
28:41 Heavy Plow
29:01 Bow Saw
31:17 Hand Cart
30:48 Loom
36:34 Imperial Age
33:51 Town Watch
35:25 Coinage
36:23 Gold Shaft Mining
35:38 Stone Mining
38:51 Iron Casting
37:48 Cavalier
39:09 Plate Barding Armor
38:58 Guilds
40:22 Two-Man Saw
40:20 Iron Casting
39:45 Paladin
41:28 Two-Man Saw
41:46 Banking
40:47 Hussar
Fries
8:27 Loom
10:33 Feudal Age
14:41 Castle Age
13:03 Double-Bit Axe
28:34 Wheelbarrow
28:12 Horse Collar
30:56 Bow Saw
32:42 Hand Cart
32:53 Heavy Plow
35:28 Pikeman
39:17 Imperial Age
37:24 Scale Mail Armor
37:34 Forging
38:15 Ballistics
38:26 Arson
38:26 Gambesons
39:02 Gold Mining
39:03 Stone Mining
39:18 Capped Ram
40:05 Siege Engineers
39:56 Halberdier
40:08 Siege Ram
41:50 Chemistry
41:16 Chain Mail Armor
41:36 Iron Casting
41:36 Conscription
42:43 Plate Mail Armor
44:18 Blast Furnace
44:02 Heavy Scorpion
Connection lost

Rejoining the realm…

Still unreachable

The connection could not be restored.

Session expired

The server has moved on; the page needs a fresh start.